 Dungeon Crawl Stone Soup version 0.25.1-4-g9407a263a5 (webtiles) character file.

Game seed: 13958163745420502590

1691 Gabide the Spear-Bearer (level 9, -1/99 HPs)
             Began as a Human Berserker on Nov 29, 2020.
             Was a Priest of Trog.
             Slain by Maggie
             ... wielding a +0 halberd of flaming
              (12 damage)
             ... on level 6 of the Dungeon.
             The game lasted 00:18:54 (6064 turns).

Gabide the Spear-Bearer (Human Berserker)           Turns: 6064, Time: 00:18:55

Health: -1/99      AC:  5    Str: 17    XL:     9   Next: 22%
Magic:  9/9        EV: 19    Int:  9    God:    Trog [***...]
Gold:   252        SH:  0    Dex: 15    Spells: 8/8 levels left

rFire    . . .     SeeInvis .   q - +0 halberd
rCold    . . .     Gourm    .   (shield currently unavailable)
rNeg     . . .     Faith    +   u - +1 leather armour {MR+}
rPois    .         Spirit   .   m - +1 hat
rElec    .         Reflect  .   l - scarf {+Inv}
rCorr    +         Harm     .   (no gloves)
MR       +++..                  (no boots)
Stlth    ..........             h - amulet of faith
HPRegen  1.26/turn              g - ring of resist corrosion
MPRegen  0.11/turn              i - +4 ring of evasion

@: berserking, regenerating, very quick
A: no striking features
a: Berserk, Trog's Hand, Renounce Religion, Evoke Invisibility


You were on level 6 of the Dungeon.
You worshipped Trog.
Trog was most pleased with you.
You were very hungry.

You visited 1 branch of the dungeon, and saw 6 of its levels.

You collected 252 gold pieces.

Inventory:

Hand Weapons
 a - a +1 spear
 q - a +0 halberd (weapon)
Missiles
 e - 21 poisoned darts
 f - a silver javelin (quivered)
Armour
 d - a +1 ring mail
 l - a scarf of invisibility (worn)
 m - a +1 hat (worn)
 s - a +0 plate armour
 u - a +1 leather armour of magic resistance (worn)
Jewellery
 g - a ring of resist corrosion (left hand)
 h - an amulet of faith (around neck)
 i - a +4 ring of evasion (right hand)
 n - an uncursed ring of resist corrosion
 r - an uncursed amulet of regeneration
Wands
 k - a wand of acid (7)
 x - a wand of random effects (12)
Scrolls
 b - 2 scrolls of remove curse
 v - 3 scrolls of identify
Potions
 j - a potion of brilliance {unknown}
 o - 2 potions of magic {unknown}
 p - a potion of haste {unknown}
 t - a potion of might {unknown}
 w - a potion of cancellation {unknown}
 z - a potion of degeneration {unknown}
Comestibles
 c - 4 rations


   Skills:
 + Level 4.7 Fighting
 * Level 8.7 Polearms
 + Level 4.7 Armour
 * Level 5.4 Dodging


You had 8 spell levels left.
You didn't know any spells.
Your spell library was empty.

Dungeon Overview and Level Annotations

Branches:
Dungeon (6/15)
 Temple: D:4-7

Altars:
Fedhas
Qazlal
Uskayaw
Vehumet
Yredelemnul

Annotations:
D:3 1 runed translucent door
D:6 Maggie


Message History

Attack whom?
Press: ? - help, Dir - move target cursor, f/p - Maggie
Aim: Maggie, wielding a +0 halberd of flaming and wearing +0 steam dragon scales (severely wounded)
You reach to attack!
You closely miss Maggie.
Maggie is severely wounded.
Maggie points at you and mumbles some strange words.
The bolt of fire hits you!
* * * LOW HITPOINT WARNING * * *
The gnoll misses you.
Attack whom?
Press: ? - help, Dir - move target cursor, f/p - Maggie
Aim: Maggie, wielding a +0 halberd of flaming and wearing +0 steam dragon scales (severely wounded)
Okay, then.
Attack whom?
Press: ? - help, Dir - move target cursor, f/p - Maggie
Aim: Maggie, wielding a +0 halberd of flaming and wearing +0 steam dragon scales (severely wounded)
You reach to attack!
You slash Maggie!
Maggie is almost dead.
Maggie hits you from afar with a +0 halberd of flaming!
You die...

#.# #.##.# #.#
#..#.# ... #.#
##.#.# #'# #.#
#...# #.# #.#
##..# #.# #..#
#.# #..# #.#
#..###.####(..
#.....@)@o)(.(
#..###g####...
##.# #.# #..
#.# ##. #.# .
#.# #.#.# ..#


You could see Maggie, a gnoll (fast) and an orc.

Vanquished Creatures
  Pikel (D:4)
  Eustachio (D:5)
  Edmund (D:4)
  A sky beast (D:6)
  The ghost of snilloc10 the Shield-Bearer, an amateur MiFi (D:3)
  An ogre (D:5)
  A centaur (D:6)
  A centaur zombie (D:5)
  A crimson imp (D:5)
  2 gnoll shamans
  2 hounds
  A human zombie (D:3)
  An orc priest (D:5)
  A centaur skeleton (D:4)
  An iguana (D:5)
  An orc wizard (D:6)
  A worker ant (D:4)
  A hound skeleton (D:6)
  10 gnolls
  6 adders
  An ooze (D:3)
  2 worms
  2 dart slugs
  A leopard gecko (D:5)
  21 orcs
  A ball python (D:2)
  5 bats
  2 giant cockroaches
  7 goblins
  11 hobgoblins
  17 jackals
  3 kobolds
  2 quokkas
  3 frilled lizards
  2 goblin zombies (D:3)
  A leopard gecko skeleton (D:4)
  A quokka skeleton (D:5)
  6 rats
124 creatures vanquished.

Vanquished Creatures (others)
  An orc (D:6)
1 creature vanquished.

Grand Total: 125 creatures vanquished

Notes
Turn   | Place    | Note
-------+----------+-------------------------------------------
     0 | D:1      | Gabide the Human Berserker began the quest for the Orb.
     0 | D:1      | Reached XP level 1. HP: 18/18 MP: 1/1
   319 | D:1      | Reached XP level 2. HP: 24/24 MP: 2/2
   807 | D:2      | Reached XP level 3. HP: 12/29 MP: 3/3
  1087 | D:2      | Reached ** piety under Trog
  1345 | D:2      | Reached XP level 4. HP: 27/35 MP: 4/4
  1357 | D:2      | Reached skill level 4 in Polearms
  1995 | D:2      | You fall into a shaft and drop 1 floor!
  2063 | D:3      | Found a blossoming altar of Fedhas.
  2085 | D:3      | Found a stormy altar of Qazlal.
  2261 | D:3      | Reached XP level 5. HP: 40/41 MP: 5/5
  2790 | D:3      | Found a large runed translucent door.
  2790 | D:3      | Found a large runed translucent door.
  2790 | D:3      | Noticed snilloc10's ghost (amateur MiFi)
  2895 | D:3      | Found a runed translucent door.
  2895 | D:3      | Noticed a human
  3029 | D:3      | Found a basalt altar of Yredelemnul.
  3168 | D:3      | Killed snilloc10's ghost
  3168 | D:3      | Reached skill level 5 in Polearms
  3168 | D:3      | Reached XP level 6. HP: 9/48 MP: 6/6
  3480 | D:4      | Found a radiant altar of Vehumet.
  3603 | D:4      | Reached *** piety under Trog
  3830 | D:4      | Noticed Edmund
  3849 | D:4      | Killed Edmund
  3849 | D:4      | Reached skill level 6 in Polearms
  3849 | D:4      | Reached XP level 7. HP: 54/54 MP: 7/7
  3924 | D:4      | Noticed Pikel
  3947 | D:4      | Killed Pikel
  3947 | D:4      | Reached skill level 7 in Polearms
  3947 | D:4      | Reached XP level 8. HP: 25/61 MP: 8/8
  4277 | D:4      | Found a hide-covered altar of Uskayaw.
  4639 | D:5      | Entered Level 5 of the Dungeon
  4972 | D:5      | Reached skill level 8 in Polearms
  5105 | D:5      | Noticed Eustachio
  5147 | D:5      | Killed Eustachio
  5147 | D:5      | Reached XP level 9. HP: 16/66 MP: 9/9
  5638 | D:6      | Reached skill level 5 in Dodging
  6041 | D:6      | Noticed Maggie
  6064 | D:6      | Slain by Maggie

Illustrated notes

Levels and vault maps discovered:
D:1:      lemuel_arrival_behind_the_door_small, layout_basic,
          serial_bayou_lake_a
D:2:      layout_basic
D:3:      layout_loops_ring, grunt_temple_overflow_forces_of_nature,
          ebering_ghost_disaster_area, dk_yredelemnul_ordeal
D:4:      layout_basic, lemuel_doored_altar, lemuel_coloured_pillars_altar,
          first_ration, small_statue_alley_b, st_stairs_12, uniq_edmund,
          uniq_pikel
D:5:      layout_cave_pools, hangedman_decor_growths, uniq_eustachio
D:6:      layout_basic, nemelex_diamond_rough_becter, uniq_maggie

Skill      XL: |  1  2  3  4  5  6  7  8  9 |
---------------+----------------------------+-----
Polearms       | 4 5 6 7 8 |  8.7
Dodging        | 3 4 5 |  5.4
Fighting       | 4 |  4.7
Armour         | 3 4 |  4.7

Action                   |  1- 3 |  4- 6 |  7- 9 || total
-------------------------+-------+-------+-------++-------
Melee: Spear             |   122 |   327 |    29 ||   478
       Halberd           |       |       |   189 ||   189
Throw: Dart              |     6 |       |       ||     6
       Javelin           |       |     2 |    18 ||    20
Invok: Berserk           |       |     4 |     4 ||     8
       Trog's Hand       |       |     3 |     5 ||     8
  Use: Scroll            |     3 |    10 |     1 ||    14
       Potion            |       |     3 |       ||     3
 Stab: Sleeping          |     2 |       |       ||     2
  Eat: Chunk             |     1 |     9 |     6 ||    16
       Ration            |       |     1 |     2 ||     3
Armor: Animal skin       |     4 |       |       ||     4
       Ring mail         |    22 |    81 |    14 ||   117
       Leather armour    |       |       |    56 ||    56
Dodge: Dodged            |    45 |   158 |   340 ||   543
